AoeStats
← jphilkill

MegaRandom

510292099Analyzed
4v4 RM · 1d ago on Sep 30, 2026· 29m 49s· 8 players
Game mode
Random Map
Map size
Large (8 player)
Population
200
Speed
Normal
Resources
Standard
Victory
Conquest
Starting age
Dark Age
Ending age
Imperial Age
RankedLock teamsTeams togetherTeam positionsShared explorationLock speedFull tech treeHidden civsTurbo modeCheats
Victory
Defeat
🇨🇳 Spanish · China
1083
+13
🇨🇳 Celts · China
1070
+14
🇨🇳 Armenians · China
1049
+15
1019
+17
🇫🇷 Mongols · France
1034
-15
🇪🇸 Bohemians · Spain
1033
-15
🇨🇳 Mongols · China
1024
-15
🇩🇪 Huns · Germany
1007
-14
jphilkill
2:31 Loom
12:51 Feudal Age
18:00 Castle Age
16:41 Double-Bit Axe
16:59 Gold Mining
17:47 Stone Mining
19:39 Wheelbarrow
alexggg56
7:42 Loom
11:14 Feudal Age
13:01 Double-Bit Axe
13:15 Horse Collar
15:37 Forging
15:33 Scale Barding Armor
19:21 Stone Mining
23:05 Castle Age
21:07 Stone Mining
21:54 Gold Mining
22:09 Fletching
22:20 Padded Archer Armor
23:32 Wheelbarrow
23:58 Bloodlines
23:49 Husbandry
23:55 Bodkin Arrow
25:06 Leather Archer Armor
25:50 Bow Saw
27:20 Gold Shaft Mining
28:32 Ballistics
40LD_J0m3R
4:43 Loom
7:17 Loom
10:27 Feudal Age
11:03 Double-Bit Axe
14:23 Town Watch
15:08 Scale Barding Armor
15:13 Forging
18:12 Horse Collar
21:18 Wheelbarrow
23:20 Fletching
23:31 Padded Archer Armor
27:13 Castle Age
26:48 Scale Mail Armor
27:30 Pikeman
27:33 Crossbowman
挺拔的象拔蚌
9:59 Feudal Age
11:57 Loom
13:10 Double-Bit Axe
13:16 Gold Mining
26:53 Castle Age
希望大陸人有素質一點
8:38 Loom
10:46 Feudal Age
11:23 Double-Bit Axe
17:14 Castle Age
18:33 Scale Barding Armor
19:22 Forging
23:11 Gold Mining
24:48 Chain Barding Armor
小猪桑
12:36 Feudal Age
12:44 Man-at-Arms
13:30 Long Swordsman
14:21 Arson
14:50 Forging
14:40 Scale Mail Armor
22:04 Castle Age
24:02 Double-Bit Axe
24:10 Stone Mining
24:12 Gold Mining
24:23 Pikeman
24:56 Gambesons
26:08 Squires
25:57 Fishing Lines
nanbo1
2:14 Loom
11:47 Feudal Age
12:28 Double-Bit Axe
15:18 Castle Age
13:54 Horse Collar
14:09 Stone Mining
26:35 Wheelbarrow
27:33 Wheelbarrow
27:10 Town Watch
28:27 Heavy Plow
28:28 Town Watch
美团外卖总教练
3:52 Loom
12:07 Feudal Age
12:34 Horse Collar
12:41 Double-Bit Axe
13:38 Wheelbarrow
19:50 Castle Age
21:06 Heavy Plow
21:19 Bow Saw
21:35 Gold Mining
23:00 Scale Mail Armor
23:10 Forging
23:07 Scale Barding Armor
23:07 Pikeman
26:33 Hand Cart
26:47 Husbandry
29:00 Chain Mail Armor
29:20 Iron Casting
29:07 Chain Barding Armor
Connection lost

Rejoining the realm…

Still unreachable

The connection could not be restored.

Session expired

The server has moved on; the page needs a fresh start.